 Dungeon Crawl Stone Soup version 0.31.0-32-g396128a36d (webtiles) character file.

Game seed: 11631613431787128863

46 spaghetti the Sneak (level 3, 1/34 HPs)
             Began as a Naga Chaos Knight on Mar 15, 2024.
             Was a Plaything of Xom.
             Quit the game on level 2 of the Dungeon.
             The game lasted 00:02:39 (1487 turns).

spaghetti the Sneak (Naga Chaos Knight)             Turns: 1487, Time: 00:02:39

Health: 1/34       AC:  4    Str: 14    XL:     3   Next: 66%
Magic:  4/4        EV:  9    Int: 14    God:    Xom [..*...]
Gold:   71         SH:  0    Dex: 10    Spells: 4/4 levels left

rFire   . . .        a - +1 short sword (chaos)
rCold   . . .        (no shield)
rNeg    . . .        b - +2 leather armour
rPois   +            (no helmet)
rElec   .            (no cloak)
rCorr   .            (no gloves)
SInv    +            (no barding)
Will    .....        (no amulet)
Stlth   ++           (no ring)
HPRegen 0.25/turn    (no ring)
MPRegen 0.09/turn

%: no passive effects
@: very slow
A: AC +1, large, see invisible, deformed body, poison resistance, slowness 2,
spit poison 1, naga tail 1
a: Spit Poison, Renounce Religion


You were on level 2 of the Dungeon.
You worshipped Xom.
You were a toy of Xom.
You visited 1 branch of the dungeon, and saw 3 of its levels.

You collected 71 gold pieces.

Inventory:

Hand Weapons
 a - a +1 short sword of chaos (weapon)
Armour
 b - a +2 leather armour (worn)
Jewellery
 d - a +6 ring of intelligence
 g - a ring of flight
Scrolls
 f - a scroll of revelation


   Skills:
 - Level 3.0 Fighting
 - Level 3.0 Short Blades
 - Level 1.5 Armour
 - Level 0.7 Dodging
 + Level 4.6 Stealth
 + Level 1.0 Spellcasting


You had 4 spell levels left.
You didn't know any spells.
Your spell library contained the following spells:

 Spells                   Type           Power      Damage    Failure   Level
 Summon Forest            Summ/Tloc      0%         N/A       100%        5
 Summon Mana Viper        Hex/Summ       0%         N/A       100%        5
 Summon Cactus Giant      Summ           0%         N/A       100%        6


Dungeon Overview and Level Annotations

Branches:
Dungeon (3/15)

Altars:
Yredelemnul

Annotations:
D:2 Robin


Innate Abilities, Weirdness & Mutations

Your serpentine skin is tough. (AC +1)
You have supernaturally acute eyesight. (SInv)
Armour fits poorly on your strangely shaped body.
Your system is resistant to poisons. (rPois)
You cover ground very slowly.
You can spit poison.
You have a snake-like lower body.


Message History

Something closely misses your butterfly.
The goblin attacks as it pursues you! The goblin hits you with a +0 dagger.
* * * LOW HITPOINT WARNING * * *
Robin throws the goblin at you!
* * * LOW HITPOINT WARNING * * *
You have got your breath back.
The goblin closely misses you.
Robin roars a battlecry!
The goblins go into a battle-frenzy!
The goblin hits you but does no damage. The goblin closely misses you.
You swap places.
The goblin attacks as it pursues you! The goblin hits you with a +0 dagger.
* * * LOW HITPOINT WARNING * * *
The goblin hits you with a +0 club.
* * * LOW HITPOINT WARNING * * *
There is a stone staircase leading down here.
The goblin hits you with a +0 club.
* * * LOW HITPOINT WARNING * * *
The goblin barely misses you.
You climb downwards.
Found a potion of curing.
There is a stone staircase leading up here.
Unknown command.
Unknown command.
Unknown command.
You aren't carrying any potions.
Okay, then.
Unknown command.
The goblin hits you but does no damage. The goblin barely misses you.
You climb upwards.
Level annotation: Robin Your butterfly disappears in a burst of colours!
Robin throws the goblin at you! The goblin closely misses you.
The hobgoblin hits you.
You die...
Xom is feeling generous.
Xom revives you!
There is a stone staircase leading down here.
Unknown command.
Okay, then.
Are you sure you want to abandon this character and quit the game? (Confirm with "yes".)

*..,* ##.####.#.##### * *#g**
##........##### ***** * #.*
#######'#######**,,,** * #.*
######...######*,,,,,** * #.###
#####.)...#####,8,,,8,***
#.#.######..÷....###...,,,,,,,*
#)).b####...).[...##...,⌠,,,,,*
#.....).'......g.......,,,,,,,,
##...####...gg@...###.8,,,8,***
##.######...ggg..###*,,,,,**
#.# #####.[###....###,,,### #.#
####..##(#.####.#***#.# #.#
##...#.##.# #.#####.# #.#
##.....##..####.......#
#.###..##........##.#######
#.##..##.#.....#.##.#
###.#...#.##...#.#.##<#


You could see Robin, a hobgoblin (strong) and 4 goblins.

Vanquished Creatures
  A ribbon worm (D:2)
  A dart slug (D:1)
  6 ball pythons
  3 bats (D:2)
  3 endoplasms (D:1)
  8 goblins
  4 hobgoblins
  2 quokkas (D:1)
  A frilled lizard (D:1)
  3 kobolds
  4 rats
36 creatures vanquished.

Notes
Turn   | Place    | Note
-------+----------+-------------------------------------------
     0 | D:1      | spaghetti the Naga Chaos Knight began the quest for the
                  | Orb.
     0 | D:1      | Reached XP level 1. HP: 21/21 MP: 1/1
     4 | D:1      | XOM: divination: magic mapping
    77 | D:1      | Reached skill level 1 in Stealth
   102 | D:1      | Reached skill level 2 in Stealth
   156 | D:1      | Reached XP level 2. HP: 20/28 MP: 2/2
   341 | D:1      | Reached skill level 3 in Stealth
   551 | D:1      | XOM: divination: detect items
   615 | D:1      | XOM: silly message
   834 | D:1      | XOM: god gift: short sword {god gift}
   860 | D:1      | Reached skill level 4 in Stealth
  1050 | D:1      | XOM: god gift: book of the Wilderness
  1149 | D:2      | Reached XP level 3. HP: 34/34 MP: 3/3
  1161 | D:2      | Found a basalt altar of Yredelemnul.
  1232 | D:2      | XOM: divination: magic mapping
  1457 | D:2      | Noticed Robin
  1472 | D:2      | Reached skill level 1 in Spellcasting
  1483 | D:2      | HP: 1/34 [goblin/+0 club[Robin] (1)]
  1486 | D:2      | Xom revived you
  1487 | D:2      | Quit the game

Illustrated notes

Levels and vault maps discovered:
D:1:      ebering_hopf_link, layout_basic, serial_park_tiny_1,
          dk_noncrumbling_3, nicolae_kite_square_tiling_tiny
D:2:      layout_loops_corners, serial_shops, shop, basic_altar,
          wad_floor_pattern_untrapped, minmay_bisected, uniq_crazy_yiuf_cottage,
          uniq_robin
D:3:      layout_basic

Skill      XL: |  1  2  3 |
---------------+----------+-----
Stealth        | 2 4 |  4.6
Spellcasting   | 1 |  1.0
Fighting       | |  3.0
Short Blades   | |  3.0
Armour         | |  1.5
Dodging        | |  0.7

Action                     || total
---------------------------++-------
  Melee: Short sword       ||   113
         Punch             ||     1
Ability: Spit Poison       ||     3
    Use: Scroll            ||     5
         Potion            ||     2
   Stab: Confused          ||     1
         Sleeping          ||     2
         Distracted        ||     1
 Armour: Leather armour    ||    96
  Dodge: Dodged            ||    62
